 Dungeon Crawl Stone Soup version 0.16-a0-3807-g3748f16 (webtiles) character file.

506 Minkie the Ducker (level 6, -8/44 HPs)
             Began as a Mummy Wizard on Jan 26, 2015.
             Killed from afar by an orc wizard (13 damage)
             ... with a puff of flame
             ... on level 5 of the Dungeon on Jan 27, 2015.
             The game lasted 00:23:54 (5172 turns).

Minkie the Ducker (Mummy Wizard)                    Turns: 5172, Time: 00:23:54

Health: -8/44      AC:  6    Str: 10    XL:     6   Next: 97%
Magic:  6/12       EV: 12    Int: 19    God:
Gold:   125        SH:  5    Dex: 10    Spells: 3 memorised, 4 levels left

rFire  x . .     SeeInvis .     i - +2 spear (flame)
rCold  + . .     Clarity  .     a - +0 robe
rNeg   + + +     SustAb   .     o - +2 buckler
rPois  ∞         Gourm    .     b - +0 hat
rElec  .         Spirit   .     d - +2 cloak
rCorr  .         Warding  .     g - +0 pair of gloves (curse)
rMut   +         Stasis   .     (no boots)
MR     .....                    m - amulet of resist mutation
Stlth  +.........               (no ring)
                                (no ring)

@: very slightly contaminated, not resistant to hostile enchantments, very
unstealthy
A: no food or potions, fire vulnerability, restore body, cold resistance 1,
negative energy resistance 3, poison resistance, torment resistance, unbreathing
a: no special abilities


You were on level 5 of the Dungeon.
You were not hungry.

You visited 2 branches of the dungeon, and saw 6 of its levels.

You collected 167 gold pieces.
You spent 42 gold pieces at shops.

Inventory:

Hand weapons
 i - a +2 spear of flaming (weapon)
Missiles
 j - 8 javelins (quivered)
Armour
 a - a +0 robe (worn)
 b - a +0 hat (worn)
 d - a +2 cloak (worn)
 g - a cursed +0 pair of gloves (worn)
 o - a +2 buckler (worn)
Jewellery
 m - an amulet of resist mutation (around neck)
Magical devices
 k - a wand of disintegration (18)
Scrolls
 e - 2 scrolls of immolation {unknown}
 f - 5 scrolls of remove curse {unknown}
 h - a scroll of enchant weapon {unknown}
 l - 4 scrolls of identify
 n - 2 scrolls of magic mapping {unknown}
 p - a scroll of teleportation {unknown}
Books
 c - a book of Minor Magic

   Spells                             Type                      Level
   a - Magic Dart                     Conjuration                  1
   b - Blink                          Translocation                2
   c - Call Imp                       Summoning                    2
   d - Repel Missiles                 Charms/Air                   2
   e - Slow                           Hexes                        2
   f - Conjure Flame                  Conjuration/Fire             3
   g - Mephitic Cloud                 Conjuration/Poison/Air       3


   Skills:
 - Level 2.0 Fighting
 - Level 4.0 Dodging
 - Level 1.5 Stealth
 + Level 1.3 Shields
 - Level 3.0 Spellcasting
 + Level 3.9 Conjurations
   Level 0.7 Summonings
   Level 0.7 Translocations


You had 4 spell levels left.
You knew the following spells:

 Your Spells              Type           Power        Failure   Level  Hunger
a - Magic Dart            Conj           ###.         4%          1    N/A
b - Conjure Flame         Conj/Fire      ##......     30%         3    N/A
c - Mephitic Cloud        Conj/Pois/Air  #.......     38%         3    N/A

Dungeon Overview and Level Annotations

Branches:
Dungeon (5/15)             Temple (1/1) D:5

Altars:
Ashenzari
Cheibriados
Dithmenos
Elyvilon
Gozag
Makhleb
Nemelex Xobeh
Okawaru
Qazlal
Ru
Trog
Vehumet
Xom
Yredelemnul
Zin

Shops:
D:4 !*[


Innate Abilities, Weirdness & Mutations

You do not eat or drink.
Your flesh is vulnerable to fire.
Your flesh is cold resistant.
You are immune to negative energy.
Your system is resistant to poisons.
You are immune to unholy pain and torment.
You can survive without breathing.


Message History

Confirm with . or Enter, or press ? or * to list all spells.
Aiming: Mephitic Cloud
Press: ? - help, Shift-Dir - straight line, f/p - adder
Aim: an adder (moderately wounded)
The ball explodes into a vile cloud!
The stinking cloud engulfs the adder.
The adder is moderately wounded.
The stinking cloud engulfs you!
The stinking cloud engulfs something.
The adder is engulfed in noxious fumes.
The adder appears confused.
The adder closely misses something.
The adder is engulfed in noxious fumes.
The adder appears confused.
The adder is engulfed in noxious fumes.
The adder appears confused.
The orc wizard mumbles some strange words.
The orc wizard flickers and vanishes!
The adder misses the orc.
You enter the shallow water.
Moving in this stuff is going to be slow.
Something tries to affect you, but you resist.
The puff of flame misses you. The puff of flame hits you!
The fire burns you terribly!
You die...

#.#.## #.#......
#....###.#.#<.#.
#...(...(..#..#.
#.......#..(..#.
##########.#.##.###.##.#.
#.....§≈≈..#.###.#.###%#.
#.#..≈§§§≈...# #..## #.#.
##...≈§≈§§≈§#####.#####.#.
.....§§§>@§§.....o...##.#.
..###§§§§≈§§.####.##.##.#.
..###.≈§§§≈...............
.......≈§≈..#####.#######.
.......#.#.## ##...##
#...###...# #.....#
#..######.# #.....#
#.....^##.####S....#
.............o...##


You could see an orc.

Vanquished Creatures
  The ghost of Guenter the Chopper, an average HOGl (D:3)
  A centaur (D:5)
  Crazy Yiuf (D:2)
  A worker ant (D:4)
  Jessica (D:2)
  A hound skeleton (D:4)
  4 gnolls
  9 adders
  A giant mite (D:5)
  2 giant geckos (D:3)
  An ooze (D:4)
  9 orcs
  A ball python (D:1)
  A bat skeleton (D:5)
  3 giant cockroaches
  8 goblins
  5 hobgoblins
  3 jackals (D:5)
  3 quokkas
  12 bats
  3 giant newts
  5 kobolds
  11 rats
  A fungus (D:2)
88 creatures vanquished.

Notes
Turn   | Place    | Note
--------------------------------------------------------------
     0 | D:1      | Minkie, the Mummy Wizard, began the quest for the Orb.
     0 | D:1      | Reached XP level 1. HP: 13/13 MP: 4/4
     0 | D:1      | Noticed a formicid
     0 | D:1      | Noticed a naga
     3 | D:1      | Noticed a draconian
     3 | D:1      | Noticed a formicid
     6 | D:1      | Noticed a minotaur
     7 | D:1      | Noticed a troll
     8 | D:1      | Noticed a vine stalker
    10 | D:1      | Noticed a draconian
    12 | D:1      | Noticed a centaur
    12 | D:1      | Noticed a dwarf
    13 | D:1      | Noticed a draconian
    14 | D:1      | Noticed a minotaur
    14 | D:1      | Noticed a draconian
    16 | D:1      | Noticed a naga
    16 | D:1      | Noticed a centaur
    16 | D:1      | Noticed a gargoyle
    18 | D:1      | Noticed a centaur
    19 | D:1      | Noticed a felid
   190 | D:1      | Reached skill level 1 in Conjurations
   355 | D:1      | Reached XP level 2. HP: 19/19 MP: 0/6
  1061 | D:2      | Reached XP level 3. HP: 18/24 MP: 2/7
  1066 | D:2      | Learned a level 3 spell: Conjure Flame
  1070 | D:2      | Learned a level 3 spell: Mephitic Cloud
  1139 | D:2      | Noticed Jessica
  1164 | D:2      | Killed Jessica
  1299 | D:2      | Reached XP level 4. HP: 25/30 MP: 6/9
  1607 | D:1      | Found a shattered altar of Ashenzari.
  1807 | D:2      | Found an opulent altar of Gozag.
  2075 | D:2      | Noticed Crazy Yiuf
  2169 | D:2      | Killed Crazy Yiuf
  2340 | D:3      | Noticed Guenter's ghost (average HOGl)
  2421 | D:3      | Killed Guenter's ghost
  2421 | D:3      | Reached XP level 5. HP: 28/38 MP: 4/11
  2668 | D:3      | Reached XP level 6. HP: 44/44 MP: 9/12
  3404 | D:4      | Found Jeah's General Store.
  3411 | D:4      | Bought a scroll of noise for 14 gold pieces
  3411 | D:4      | Bought a scroll of identify for 28 gold pieces
  3594 | D:4      | Reached skill level 4 in Dodging
  3951 | D:4      | Found Naozuz's Antique Armour Shoppe.
  4079 | D:4      | Found a burning altar of Makhleb.
  4079 | D:4      | Noticed a cacodemon
  4082 | D:4      | Found a glowing silver altar of Zin.
  4082 | D:4      | Noticed an angel
  4288 | D:4      | Found Cyoschut's Distillery.
  4638 | D:5      | Entered Level 5 of the Dungeon
  4674 | D:5      | Reached skill level 1 in Shields
  4760 | D:5      | Found a staircase to the Ecumenical Temple.
  4771 | Temple   | Entered the Ecumenical Temple
  4947 | D:5      | Found a burning altar of Makhleb.
  5142 | D:5      | HP: 1/44 [orc priest/divine providence (12)]
  5172 | D:5      | Killed from afar by an orc wizard

Action                   |  1- 3 |  4- 6 || total
-------------------------+-------+-------++-------
Melee: Whip              |    35 |    12 ||    47
       Spear             |       |   138 ||   138
 Cast: Magic Dart        |    55 |    74 ||   129
       Mephitic Cloud    |     3 |    12 ||    15
       Conjure Flame     |       |     2 ||     2
 Stab: Sleeping          |     2 |     1 ||     3
       Confused          |     1 |     1 ||     2
